 Dungeon Crawl Stone Soup version 0.31.0-9-g3a7656b989 (webtiles) character file.

Game seed: 6998283326121099268

148 qw the Skirmisher (level 5, -4/29 HPs)
             Began as a Deep Elf Hunter on Feb 2, 2024.
             Slain by Edmund
             ... wielding a +0 heavy flail
              (17 damage)
             ... on level 4 of the Dungeon.
             The game lasted 00:00:09 (2382 turns).

qw the Skirmisher (Deep Elf Hunter)                 Turns: 2382, Time: 00:00:10

Health: -4/29      AC:  7    Str: 10    XL:     5   Next: 8%
Magic:  7/7        EV: 11    Int: 14    God:
Gold:   133        SH:  0    Dex: 18    Spells: 4/4 levels left

rFire   . . .        a - +0 shortbow
rCold   . . .        (shield currently unavailable)
rNeg    . . .        f - +0 ring mail
rPois   .            d - +1 helmet
rElec   .            (no cloak)
rCorr   .            (no gloves)
SInv    .            (no boots)
Will    .....        (no amulet)
Stlth   +            (no ring)
HPRegen 0.24/turn    (no ring)
MPRegen 0.10/turn

%: no passive effects
@: hasted, very quick
A: no striking features
a: no special abilities


You were on level 4 of the Dungeon.
You visited 1 branch of the dungeon, and saw 4 of its levels.

You collected 133 gold pieces.


   Skills:
 - Level 1.5 Fighting
 + Level 8.5 Ranged Weapons
 - Level 2.4 Dodging
 - Level 1.2 Stealth


You had 4 spell levels left.
You didn't know any spells.
Your spell library was empty.

Inventory:

Hand Weapons
 a - a +0 shortbow (weapon)
Armour
 d - a +1 helmet (worn)
 f - a +0 ring mail (worn)
Potions
 b - a potion of enlightenment
 c - a potion of resistance {unknown}
 e - a potion of mutation
 g - a potion of curing

Dungeon Overview and Level Annotations

Branches:
Dungeon (4/15)
 Temple: D:4-7

Altars:

Shops:
D:1 *[[=   D:2 [

Annotations:
D:4 Edmund


Message History

You see here a book of Debilitation.
A goblin comes into view. It is wielding a +0 club.
You shoot an arrow. The goblin shouts!
The arrow hits the goblin but does no damage.
You shoot an arrow. The arrow closely misses the goblin.
You shoot an arrow. The arrow barely misses the goblin.
You shoot an arrow. The arrow hits the goblin!
You kill the goblin!
You see here a +0 club.
Edmund the Younger comes into view.
He is wielding a +0 heavy flail.
Edmund shouts!
Enter note:
Enter note:
2374 ||| DRINKING potion of haste.
You feel yourself speed up.
You shoot an arrow. The arrow hits Edmund.
Edmund is lightly wounded.
You shoot an arrow.
The arrow hits Edmund but does no damage.
Edmund is lightly wounded.
You shoot an arrow.
The arrow hits Edmund but does no damage.
Edmund is lightly wounded.
You shoot an arrow.
The arrow hits Edmund but does no damage.
Edmund is lightly wounded.
Edmund closely misses you.
You shoot an arrow. The arrow barely misses Edmund.
You shoot an arrow.
The arrow hits Edmund but does no damage.
Edmund is lightly wounded.
Edmund hits you with a +0 heavy flail!
Ouch! That really hurt!
You shoot an arrow. The arrow hits Edmund.
Edmund is lightly wounded.
You shoot an arrow. The arrow barely misses Edmund.
Edmund hits you with a +0 heavy flail!
Ouch! That really hurt!
You die...
Edmund whines, "They better pay attention to me now!"

.......... #.#
#.......########.#
#................#
#.......##########
.#####.....##
............#
#######..##..#
.....##..##..#
......@@.##..#
.###.##.###... #
#.# #.#.# ...
..#.# ..# ###.#
.#.. .##. ## .


You could see Edmund.

Vanquished Creatures
  An orc wizard (D:3)
  5 adders
  A dart slug (D:2)
  A ribbon worm (D:2)
  7 orcs (D:3)
  4 endoplasms
  A giant cockroach (D:1)
  13 goblins
  2 hobgoblins
  3 quokkas
  5 ball pythons
  7 bats
  4 frilled lizards
  6 kobolds
  6 rats
66 creatures vanquished.

Notes
Turn   | Place    | Note
-------+----------+-------------------------------------------
     0 | D:1      | qw the Deep Elf Hunter began the quest for the Orb.
     0 | D:1      | Reached XP level 1. HP: 12/12 MP: 3/3
     0 | D:1      | 0 ||| qw: Version: 0.3-a-155-g5e7d8dd
     0 | D:1      | 0 ||| qw: Game counter: 653
     0 | D:1      | 0 ||| qw: Melee chars always use a shield: true
     0 | D:1      | 0 ||| qw: God list: Okawaru
     0 | D:1      | 0 ||| qw: Allow faded altars: false
     0 | D:1      | 0 ||| qw: Do Orc after clearing Dungeon:15 true
     0 | D:1      | 0 ||| qw: Do second Lair branch before Depths: true
     0 | D:1      | 0 ||| qw: Lair rune preference: random
     0 | D:1      | 0 ||| qw: Goals: Normal
     0 | D:1      | 0 ||| PLANNING D:1-11
    94 | D:1      | Found Dyloziv's Jewellery Emporium.
    99 | D:1      | 99 ||| SHOPLISTING +5 ring of evasion (468 gold, have 13).
    99 | D:1      | 99 ||| SHOPLISTING amulet of regeneration (390 gold, have
                  | 13).
    99 | D:1      | 99 ||| SHOPLISTING ring "Zehach" {^Contam rF+ rC+ MP+9
                  | Dex+5} (816 gold, have 13).
    99 | D:1      | 99 ||| SHOPLISTING ring of poison resistance (260 gold,
                  | have 13).
    99 | D:1      | 99 ||| SHOPLISTING ring of protection from cold (325 gold,
                  | have 13).
   143 | D:1      | Reached XP level 2. HP: 16/16 MP: 4/4
   171 | D:1      | Found Wibriub's Armour Shoppe.
   176 | D:1      | Reached skill level 6 in Ranged Weapons
   183 | D:1      | 183 ||| SHOPLISTING +0 ring mail (52 gold, have 13).
   183 | D:1      | 183 ||| SHOPLISTING +1 robe of resistance (425 gold, have
                  | 13).
   183 | D:1      | 183 ||| SHOPLISTING +2 leather armour of fire resistance
                  | (247 gold, have 13).
   183 | D:1      | 183 ||| SHOPLISTING +3 ring mail of fire resistance (338
                  | gold, have 13).
   223 | D:1      | Found Eliopouq's General Store.
   232 | D:1      | 232 ||| SHOPLISTING +0 ring mail (44 gold, have 13).
   232 | D:1      | 232 ||| SHOPLISTING scroll of identify (22 gold, have 13).
   293 | D:1      | Found Jixtuula's Armour Emporium.
   293 | D:1      | Noticed an animated plate armour
   293 | D:1      | Noticed an animated shadow dragon scales
   301 | D:1      | 301 ||| SHOPLISTING +0 ring mail (44 gold, have 24).
   301 | D:1      | 301 ||| SHOPLISTING +0 scale mail (44 gold, have 24).
   301 | D:1      | 301 ||| SHOPLISTING +1 cloak of willpower (181 gold, have
                  | 24).
   473 | D:1      | Found a faded altar of an unknown god.
   695 | D:1      | 695 ||| UPGRADING to +0 helmet.
   700 | D:1      | 700 ||| READING scroll labelled FYABIGH OPRY.
   700 | D:1      | 700 ||| ENCHANTING +0 helmet.
   701 | D:1      | 701 ||| READING scroll labelled ELUEPRAURI.
   701 | D:1      | 701 ||| IDENTIFYING fuming black potion
   702 | D:1      | 702 ||| DROPPING scroll of butterflies.
   710 | D:2      | Reached XP level 3. HP: 20/20 MP: 5/5
   717 | D:2      | Identified the +8 whip "Rumeps" {vamp, rElec rC+}
   915 | D:2      | Found Vely's Armour Shop.
   928 | D:2      | Reached skill level 7 in Ranged Weapons
   935 | D:2      | 935 ||| SHOPLISTING +4 ring mail of cold resistance (310
                  | gold, have 82).
   981 | D:2      | 981 ||| FLEEEEING.
  1204 | D:2      | Reached XP level 4. HP: 19/25 MP: 6/6
  1322 | D:2      | 1322 ||| UPGRADING to +0 ring mail.
  1332 | D:2      | 1332 ||| DROPPING +0 leather armour.
  1333 | D:2      | 1333 ||| READING 2 scrolls of identify.
  1333 | D:2      | 1333 ||| IDENTIFYING golden potion
  1334 | D:2      | 1334 ||| READING scroll of identify.
  1334 | D:2      | 1334 ||| IDENTIFYING fizzy pink potion
  1335 | D:2      | 1335 ||| READING scroll labelled NAEGAI QUR UJU.
  1336 | D:2      | 1336 ||| READING scroll labelled ZAGACL BOEWYO.
  1337 | D:2      | 1337 ||| READING scroll labelled ZECENW GUNTE.
  1381 | D:2      | 1381 ||| DRINKING 2 grey potions.
  1382 | D:2      | 1382 ||| DROPPING potion of brilliance.
  1521 | D:3      | Identified the +7 war axe "Fepnoet" {protect, rPois Str+3}
  1527 | D:3      | Reached skill level 8 in Ranged Weapons
  1747 | D:3      | 1747 ||| FLEEEEING.
  1748 | D:3      | 1748 ||| FLEEEEING.
  1753 | D:3      | 1753 ||| DRINKING potion of curing.
  1753 | D:3      | 1753 ||| (to cure confusion)
  1763 | D:3      | Reached XP level 5. HP: 17/29 MP: 7/7
  2239 | D:3      | 2239 ||| READING scroll of identify.
  2239 | D:3      | 2239 ||| IDENTIFYING orange potion
  2373 | D:4      | Noticed Edmund
  2374 | D:4      | 2374 ||| DRINKING potion of haste.
  2382 | D:4      | Slain by Edmund

Levels and vault maps discovered:
D:1:      mrwooster_arrival_statue_3, layout_basic, serial_shops,
          nicolae_shop_peninsula, nicolae_shop_gaudy_bauble,
          nicolae_shop_mannequins, shop, basic_ecumenical_altar
D:2:      layout_basic, serial_shops, shop
D:3:      layout_loops_ring, minmay_misc_feat_room
D:4:      minmay_chambers_of_threes, layout_loops_ring, lemuel_doored_altar,
          uniq_edmund

Skill      XL: |  1  2  3  4 |
---------------+-------------+-----
Ranged Weapons | 6 7 8 |  8.5
Fighting       | |  1.5
Dodging        | |  2.4
Stealth        | |  1.2

Action                     |  1- 3 |  4- 6 || total
---------------------------+-------+-------++-------
   Fire: Shortbow          |   145 |    90 ||   235
    Use: Scroll            |     2 |     6 ||     8
         Potion            |       |     3 ||     3
 Armour: Leather armour    |    30 |       ||    30
         Ring mail         |       |    27 ||    27
  Dodge: Dodged            |    38 |    32 ||    70

Table legend:
 A = Non-vault XP
 B = Vault XP
 C = Vault XP percentage of total XP
 D = Non-vault monster count
 E = Vault monster count
 F = Vault count percentage of total count
                 A         B        C        D         E       F
            +---------+---------+-------+---------+---------+-------
      Total |     212 |       0 |   0.0 |      66 |       0 |   0.0
            +---------+---------+-------+---------+---------+-------
        D:1 |      35 |       0 |   0.0 |      24 |       0 |   0.0
        D:2 |      76 |       0 |   0.0 |      22 |       0 |   0.0
        D:3 |      99 |       0 |   0.0 |      19 |       0 |   0.0
        D:4 |       2 |       0 |   0.0 |       1 |       0 |   0.0
            +---------+---------+-------+---------+---------+-------
